 Dungeon Crawl Stone Soup version 0.23.0 (webtiles) character file.

Game seed: 16231810911212327722

143 Kairos the Shield-Bearer (level 5, -14/28 HPs)
             Began as a Vine Stalker Fighter on Feb 10, 2019.
             Demolished by an ogre
             ... wielding a +0 giant club
              (15 damage)
             ... on level 3 of the Dungeon.
             The game lasted 00:02:08 (2082 turns).

Kairos the Shield-Bearer (Vine Stalker Fighter)     Turns: 2082, Time: 00:02:09

Health: -14/28     AC:  9    Str: 20    XL:     5   Next: 25%
Magic:  0/6        EV:  7    Int:  8    God:
Gold:   55         SH:  9    Dex: 13    Spells: 4/4 levels left

rFire    x . .     SeeInvis .   j - +1 hand axe (chop)
rCold    + + .     Gourm    .   c - +0 shield
rNeg     . . .     Faith    .   h - +2 scale mail {rC+}
rPois    .         Spirit   +   (no helmet)
rElec    .         Reflect  .   n - +0 cloak (curse)
rCorr    .         Harm     .   (no gloves)
MR       .....                  (no boots)
Stlth    ..........             (no amulet)
HPRegen  0.49/turn              r - ring of ice
MPRegen  0.10/turn              (no ring)

@: no status effects
A: fangs 2, regeneration 1, magic shield, antimagic bite, no potion heal 3, rot
immunity
a: no special abilities


You were on level 3 of the Dungeon.
You were hungry.

You visited 1 branch of the dungeon, and saw 3 of its levels.

You collected 55 gold pieces.

Inventory:

Hand Weapons
 a - a +0 war axe
 j - a +1 hand axe of chopping (weapon)
Armour
 b - a +0 scale mail
 c - a +0 shield (worn)
 g - a +0 plate armour
 h - a +2 scale mail of cold resistance (worn)
 n - a cursed +0 cloak (worn)
Jewellery
 r - a ring of ice (left hand)
Wands
 p - a wand of polymorph (8)
 q - a wand of digging (2)
Scrolls
 i - a scroll of noise {unknown}
 k - a scroll of random uselessness {unknown}
 m - a scroll of remove curse {unknown}
 o - a scroll of teleportation
 s - a scroll of identify {unknown}
 t - a scroll of blinking {unknown}
Potions
 d - a potion of might
 e - a potion of degeneration {unknown}
 l - a potion of brilliance {unknown}
Comestibles
 f - 5 rations


   Skills:
 + Level 3.2 Fighting
 + Level 3.0 Axes
 + Level 3.0 Armour
 + Level 0.2 Dodging
 + Level 3.5 Shields


You had 4 spell levels left.
You didn't know any spells.
Your spell library was empty.

Dungeon Overview and Level Annotations

Branches:
Dungeon (3/15)

Altars:
The Shining One


Innate Abilities, Weirdness & Mutations

You have extremely sharp teeth.
Your natural rate of healing is unusually fast.
When hurt, damage is shared between your health and your magic reserves.
Your bite disrupts and absorbs the magic of your enemies.
Potions cannot restore your health.
You are immune to rotting.


Message History

An ogre is nearby!
A giant cockroach comes into view.
There are monsters nearby!
There are monsters nearby!
The ogre hits you with a +0 giant club!
You hit the ogre. You bite the ogre, but do no damage.
The ogre is lightly wounded.
The ogre hits you with a +0 giant club!
You are too injured to fight recklessly!
You are too injured to fight recklessly!
You are too injured to fight recklessly!
You slash the ogre!
The ogre is heavily wounded.
The ogre hits you with a +0 giant club!
* * * LOW HITPOINT WARNING * * *
You barely miss the ogre. You bite the ogre, but do no damage.
The ogre is heavily wounded.
You block the giant cockroach's attack. The ogre hits you with a +0 giant club!
Ouch! That really hurt!
You die...

#......#.#..#...............
#....#.#.#..#..#######......
#....#.........# ## #......
................#######......
##.........#..#.... +........
##....##.##..#..# ###......
..... #..#..#..# #...†..
.....###.......###.###......
..#........@s...............
............O......#..#.<.#.
...##.#...$.........##.... ..
#............#. ..... .
#............# ......
##......#.... ..#.#.#
#......##..# ..##.#.#
#......# ...... #.#.# ...
#.#.#


You could see an ogre and a giant cockroach.

Vanquished Creatures
  Jessica (D:2)
  A gnoll (D:3)
  4 adders (D:2)
  2 oozes
  2 worms
  A dart slug (D:2)
  6 bats (D:1)
  4 giant cockroaches
  8 goblins
  4 hobgoblins
  7 jackals
  2 frilled lizards (D:1)
  5 kobolds
  8 rats
55 creatures vanquished.

Notes
Turn   | Place    | Note
-------+----------+-------------------------------------------
     0 | D:1      | Kairos the Vine Stalker Fighter began the quest for the
                  | Orb.
     0 | D:1      | Reached XP level 1. HP: 11/11 MP: 2/2
    82 | D:1      | Reached XP level 2. HP: 11/16 MP: 3/3
   560 | D:1      | Reached XP level 3. HP: 19/20 MP: 4/4
   769 | D:1      | Found a glowing golden altar of the Shining One.
  1171 | D:2      | Noticed Jessica
  1174 | D:2      | Gained mutation: Your natural rate of healing is unusually
                  | fast. [Vine Stalker growth]
  1174 | D:2      | Reached XP level 4. HP: 24/24 MP: 5/5
  1181 | D:2      | Killed Jessica
  1575 | D:2      | Reached XP level 5. HP: 26/28 MP: 6/6
  2076 | D:3      | Noticed an ogre
  2081 | D:3      | HP: 1/28 [ogre/+0 giant club (13)]
  2082 | D:3      | Demolished by an ogre

Skill      XL: |  1  2  3  4  5 |
---------------+----------------+-----
Shields        | 3 |  3.5
Fighting       | 3 |  3.2
Axes           | 2 3 |  3.0
Armour         | 3 |  3.0
Dodging        | |  0.2

Action                   |  1- 3 |  4- 6 || total
-------------------------+-------+-------++-------
Melee: War axe           |    57 |       ||    57
       Bite              |    19 |    15 ||    34
       Hand axe          |    15 |    53 ||    68
  Use: Scroll            |     1 |       ||     1
  Eat: Chunk             |       |     3 ||     3
Armor: Scale mail        |    21 |    24 ||    45
       Plate armour      |     7 |       ||     7
Dodge: Dodged            |    17 |    19 ||    36
Block: Shield            |    27 |    27 ||    54
